 Dungeon Crawl Stone Soup version 0.28-a0-586-gbdb9d174a4 (webtiles) character file.

Game seed: 16807375584924415215

137040 GordonOverkill the Warrior (level 16, -4/143 HPs)
             Began as a Mummy Hunter on Oct 3, 2021.
             Was an Initiate of Gozag.
             Slain by Mlioglotl (24 damage)
             ... on level 1 of the Swamp.
             The game lasted 01:32:20 (43306 turns).

GordonOverkill the Warrior (Mummy Hunter)          Turns: 43306, Time: 01:32:21

Health: -4/143     AC: 23    Str: 15    XL:     16   Next: 68%
Magic:  30/30      EV:  9    Int: 17    God:    Gozag
Gold:   2956       SH:  5    Dex: 15    Spells: 35/35 levels left

rFire   + + .      SeeInvis .   a - +6 double sword (vamp)
rCold   + + .      Faith    .   (no shield)
rNeg    + + +      Spirit   .   C - +1 chain mail {rF+}
rPois   ∞          Reflect  +   d - +2 helmet
rElec   +          Harm     .   E - +2 cloak {rF+}
rCorr   +          Rampage  .   i - +0 pair of gloves
Will    ++...                   (no boots)
Stlth   ..........              G - amulet of reflection
HPRegen 0.33/turn               D - +4 ring of slaying
MPRegen 0.22/turn               o - ring "Maefeip" {rElec AC+4 Dex+2 Stlth+}

@: resistant, gold aura, very slightly contaminated, studying Axes, invisible
A: cold resistance 1, negative energy resistance 3, torment resistance 2, heat
vulnerability 1, in touch with death 1, no potions
a: Renounce Religion, Potion Petition, Call Merchant, Bribe Branch


You were on level 1 of the Swamp.
You worshipped Gozag.
Gozag was most pleased with you.
You visited 5 branches of the dungeon, and saw 26 of its levels.
You also visited: Sewer and Volcano.

You collected 10313 gold pieces.
You spent 4280 gold pieces at shops.
You paid 3077 gold pieces to Gozag.

Inventory:

Hand Weapons
 a - a +6 vampiric double sword (weapon)
 b - a +2 scimitar of flaming
Missiles
 c - 9 javelins (quivered)
 g - a throwing net
 t - 55 poisoned darts
Armour
 d - a +2 helmet (worn)
 i - a +0 pair of gloves (worn)
 C - a +1 chain mail of fire resistance (worn)
 E - a +2 cloak of fire resistance (worn)
Magical Staves
 s - a staff of air
Jewellery
 e - an amulet of regeneration
 j - a ring of flight
 n - a ring of willpower
 o - the ring "Maefeip" (right hand) {rElec AC+4 Dex+2 Stlth+}
   (You acquired it on level 3 of the Lair of Beasts)

   [ring of protection]

   AC:        It affects your AC (+4).
   Dex:       It affects your dexterity (+2).
   rElec:     It insulates you from electricity.
   Stlth:     It makes you more stealthy.
 p - the ring "Piasiomma" {rPois rN+ rCorr}
   (You found it on level 4 of the Dungeon)

   [ring of poison resistance]

   rPois:     It protects you from poison.
   rN:        It protects you from negative energy.
   rCorr:     It protects you from acid and corrosion.
 u - a ring of see invisible
 w - a ring of protection from cold
 x - a ring of protection from cold
 y - a ring of fire
 D - a +4 ring of slaying (left hand)
 G - an amulet of reflection (around neck)
 I - a ring of protection from cold
 J - the ring "Uraofas" {rF+ Str+6}
   (You acquired it on level 11 of the Dungeon)

   [ring of strength]

   Str:       It affects your strength (+6).
   rF:        It protects you from fire.
 K - the ring "Imuizead" {Ice Will+ Dex-5 SInv Stlth+}
   (You took it off an orc knight on level 14 of the Dungeon)

   [ring of ice]

   It enhances your ice magic.
   Dex:       It affects your dexterity (-5).
   rF:        It makes you vulnerable to fire.
   rC:        It protects you from cold.
   SInv:      It lets you see invisible.
   Will:      It increases your willpower.
   Stlth:     It makes you more stealthy.
 L - a ring of willpower
 O - a ring of willpower
Wands
 m - a wand of polymorph (5)
 A - a wand of digging (7)
 H - a wand of flame (35)
 N - a wand of iceblast (5)
Scrolls
 f - 4 scrolls of immolation
 h - 8 scrolls of magic mapping
 k - 3 scrolls of vulnerability
 l - 2 scrolls of summoning
 q - 4 scrolls of blinking
 r - 9 scrolls of teleportation
 v - 3 scrolls of amnesia
 z - 3 scrolls of silence
 B - a scroll of torment
 F - 8 scrolls of identify
 M - a scroll of fog


   Skills:
 - Level 18.0 Fighting
 - Level 10.0(13.6) Short Blades
 - Level 14.8(16.0) Long Blades
 - Level 3.4 Throwing
 - Level 7.0 Armour
 - Level 7.0 Dodging
 - Level 1.0 Stealth
 - Level 10.0 Spellcasting
 + Level 5.4 Conjurations
 - Level 5.0 Evocations


You had 35 spell levels left.
You didn't know any spells.
Your spell library contained the following spells:

 Spells                   Type           Power      Damage    Failure   Level
 Static Discharge         Conj/Air       17%        N/A       54%         2
 Freeze                   Ice            32%        1d5       78%         1
 Summon Small Mammal      Summ           32%        N/A       78%         1
 Dazzling Flash           Conj/Hex       34%        N/A       78%         3
 Ensorcelled Hibernation  Hex/Ice        16%        N/A       89%         2
 Scorch                   Fire           16%        2d6       89%         2
 Slow                     Hex            8%         N/A       89%         2
 Call Canine Familiar     Summ           8%         N/A       98%         3
 Confusing Touch          Hex            8%         N/A       98%         3
 Frozen Ramparts          Ice            16%        1d3       98%         3
 Summon Guardian Golem    Hex/Summ       8%         N/A       98%         3
 Tukima's Dance           Hex            8%         N/A       98%         3
 Vampiric Draining        Necr           6%         2d6       98%         3
 Flame Wave               Conj/Fire      17%        3d5       99%         4
 Hailstorm                Conj/Ice       17%        3d6       99%         4
 Iskenderun's Mystic Bla  Conj/Tloc      17%        2d5       99%         4
 Sticky Flame             Conj/Fire      17%        2d4       99%         4
 Animate Dead             Necr           6%         N/A       100%        4
 Dispel Undead            Necr           12%        3d9       100%        4
 Fireball                 Conj/Fire      8%         3d6       100%        5
 Starburst                Conj/Fire      8%         6d4       100%        6
 Summon Cactus Giant      Summ           4%         N/A       100%        6
 Haunt                    Necr/Summ      6%         N/A       100%        7
 Orb of Destruction       Conj           13%        9d6       100%        7
 Spellforged Servitor     Conj/Summ      8%         N/A       100%        7
 Disjunction              Tloc           4%         N/A       100%        8
 Infestation              Necr           6%         N/A       100%        8


Dungeon Overview and Level Annotations

Branches:
Dungeon (15/15) Temple (1/1) D:6 Lair (6/6) D:8 Swamp (2/4) Lair:4 Spider (0/4) Lair:4 Slime (0/5) Lair:5 Orc (2/2) D:12 Elf (0/3) Orc:2 Vaults (0/5) D:12 D:13 Depths (0/4) D:15 Sewer (visited) Volcano (visited)

Altars:
Ashenzari
Cheibriados
Dithmenos
Elyvilon
Fedhas
Gozag
Hepliaklqana
Kikubaaqudgha
Makhleb
Nemelex Xobeh
Okawaru
Qazlal
Ru
Sif Muna
Trog
Uskayaw
Vehumet
Wu Jian
Xom
Yredelemnul
Zin
The Shining One
Beogh

Shops:
D:5 *   D:11 ==*   Orc:2 ?*:[(

Annotations:
D:9 4 runed translucent doors, dricus's ghost, novice DjAE
Lair:5 3 runed translucent doors, dricus's ghost, journeyman GrFi
Lair:6 exclusion: obsidian statue
Swamp:1 Mlioglotl
Swamp:2 Nikola


Innate Abilities, Weirdness & Mutations

You are immune to poison.
Your flesh is cold resistant. (rC+)
You are immune to negative energy. (rN+++)
You are immune to unholy pain and torment.
You are vulnerable to heat. (rF-)
You are in touch with the powers of death.
You do not drink.


Message History

You no longer have enough gold to bribe branches to halt enemies' attacks and recruit allies.
You feel protected.
You fade into invisibility!
You feel much better.
You feel better. Mlioglotl hits you but does no damage.
Mlioglotl completely misses you.
The eleionoma hits you but does no damage.
You are very lightly contaminated with residual magic.
You catch the helpless eleionoma completely off-guard!
You slash the eleionoma!
You kill the eleionoma!
You block Mlioglotl's attack.
Mlioglotl tramples you but does no damage.
You barely miss Mlioglotl.
Mlioglotl is lightly damaged.
Mlioglotl hits you!
* * * LOW HITPOINT WARNING * * *
Mlioglotl tramples you but does no damage.
You slice Mlioglotl!!
Mlioglotl is moderately damaged.
Mlioglotl hits you but does no damage. You block Mlioglotl's attack.
You slash Mlioglotl!
Mlioglotl is moderately damaged.
Mlioglotl barely misses you.
Mlioglotl tramples you but does no damage.
You slash Mlioglotl!
Mlioglotl is moderately damaged.
Mlioglotl hits you!
* * * LOW HITPOINT WARNING * * *
You block Mlioglotl's attack.
You slice Mlioglotl!!
Mlioglotl is heavily damaged.
Mlioglotl hits you.
* * * LOW HITPOINT WARNING * * *
Mlioglotl completely misses you.
You slash Mlioglotl!
Mlioglotl is heavily damaged.
Mlioglotl hits you!!
* * * LOW HITPOINT WARNING * * *
Mlioglotl tramples you!!
You die...
Your body crumbles into a pile of gold.

♣♣♣♣♣...........♣♣♣♣.≈....§.§≈≈..
♣♣ ♣♣............♣≈≈≈≈≈≈≈≈≈≈≈≈..≈
.♣♣♣.≈..##.###.#..≈≈≈≈≈≈§≈≈§§...≈
≈.♣.≈≈..#..#......≈≈≈≈≈≈≈≈....≈♣♣
.≈......#......#..≈§≈..≈§≈≈≈..♣♣
♣♣.≈.≈..#..#...#..≈.....≈≈§≈..♣
♣♣.≈≈≈..#####.##..≈≈..<......≈♣
.≈.≈≈≈..#......#..>..≈..≈≈...♣♣
........#...#..'@.>≈≈§..♣♣♣♣♣♣♣♣♣
...≈.≈...#.###.#$X.§≈≈≈.♣ ♣..
..♣.≈.≈...........>≈≈≈≈.♣♣♣♣♣♣♣..
≈.≈....≈.........≈.....≈≈≈≈♣≈≈♣.≈
≈......)♣♣♣♣≈≈≈≈≈♣♣♣♣≈♣≈≈..≈♣♣≈.§
.....≈≈.♣♣≈≈...≈♣♣ ♣♣♣...≈≈≈.≈♣♣
♣♣≈..♣≈♣♣♣.≈≈.♣♣♣ ♣♣♣♣♣♣.≈♣♣♣
♣♣≈♣♣♣♣ ♣.≈≈.♣♣♣♣♣ ♣≈♣♣♣≈...≈ ♣♣♣
♣.....≈≈.♣ ♣♣≈≈♣♣≈..≈♣


You could see Mlioglotl (strong).

Vanquished Creatures
  A tentacled monstrosity (Swamp:1)
  Jorgrun (Orc:2)
  Gastronok (Lair:3)
  Kirke (Lair:4)
  An orc warlord (Orc:2)
  Nessos (D:15)
  Azrael (Orc:2)
  A bunyip (Swamp:1)
  3 dire elephants
  3 eleionomae (Swamp:1)
  Josephine (Orc:2)
  6 boulder beetles
  11 hydras
  2 ogre magi (D:15)
  A ghost crab (Swamp:1)
  A catoblepas (Lair:5)
  3 alligators (Swamp:1)
  A death knight (D:15)
  14 two-headed ogres
  11 centaur warriors
  6 death yaks
  10 spriggans (Swamp:1)
  An orc high priest (Orc:1)
  Urug (D:10)
  A fire crab (Volcano)
  A spectral death yak (Lair:6)
  A goliath frog (Swamp:1)
  A spectral anaconda (Lair:6)
  3 spriggan druids (Swamp:1)
  7 orc knights
  2 deep elf pyromancers
  5 bog bodies
  2 orc sorcerers (Orc:2)
  A phantasmal warrior (D:15)
  A lindwurm (Volcano)
  A wolf spider (Lair:4)
  3 necromancers (Lair:6)
  8 ugly things
  2 oklob plants (Lair:5)
  6 cyclopes
  2 will-o-the-wisps (Swamp:1)
  A salamander (D:15)
  5 manticores
  Joseph (D:7)
  5 black mambas
  14 elephants
  16 cane toads
  Psyche (D:10)
  A kobold demonologist (D:11)
  3 gargoyles
  Maggie (D:7)
  2 rime drakes
  3 efreet
  5 komodo dragons
  2 freezing wraiths (D:15)
  A polar bear (Lair:4)
  2 tyrant leeches (Swamp:1)
  10 trolls
  2 wandering mushrooms (Lair:5)
  6 hornets (Swamp:1)
  17 blink frogs
  5 spectral elephants (Lair:6)
  10 slime creatures
  25 dream sheep
  A centaur simulacrum (D:14)
  4 wyverns
  A water elemental (D:14)
  9 wraiths
  6 fire elementals (Orc:2)
  2 hogs (Lair:4)
  12 fire bats (Volcano)
  41 yaks
  16 humans (D:12)
  Grum (D:10)
  3 basilisks
  A golden eye (shapeshifter) (D:13)
  4 steam dragons
  4 death yak simulacra (Lair:6)
  15 vampire mosquitoes
  Menkaure (D:7)
  A spectral cane toad (Lair:6)
  A warg (Orc:2)
  6 swamp worms
  2 acid dragons
  Duvessa (D:7)
  16 water moccasins
  4 hell hounds
  29 orc warriors
  An ice beast (D:7)
  A sky beast (D:5)
  A black bear (D:8)
  An elephant zombie (Lair:6)
  A necrophage (D:4)
  11 ogres
  28 wolves
  24 centaurs
  An elephant skeleton (Lair:6)
  2 phantoms
  8 kobold brigands
  2 gnoll sergeants (D:8)
  3 scorpions
  15 bullfrogs
  A wyvern zombie (D:7)
  A cane toad simulacrum (Lair:6)
  A water moccasin zombie (D:5)
  Dowan (D:7)
  2 elephant simulacra (Lair:6)
  A water moccasin skeleton (D:6)
  8 wights (D:9)
  5 electric eels
  6 howler monkeys
  7 lava snakes (Volcano)
  5 centaur zombies
  3 bullfrog zombies
  A jelly (D:6)
  A hound (D:6)
  25 orc priests
  3 gnoll shamans
  A centaur skeleton (D:4)
  3 bullfrog skeletons
  An iron imp (D:6)
  22 orc wizards
  3 iguanas
  A hound skeleton (D:4)
  39 gnolls
  A howler monkey skeleton (D:6)
  12 adders
  A white imp (D:8)
  3 ufetubi
  5 worms
  5 dart slugs
  62 orcs
  6 bats
  5 endoplasms
  4 giant cockroaches
  5 goblins
  6 hobgoblins
  7 jackals
  2 quokkas
  11 ball pythons
  6 frilled lizards
  16 kobolds
  5 rats
851 creatures vanquished.

Vanquished Creatures (others)
  A wizard (D:14)
  A hornet (Swamp:1)
  2 humans (Lair:4)
  A gnoll (D:8)
  An orc (Orc:2)
  6 foxfires (Swamp:1)
  24 fungi
  33 plants
  16 withered plants (Lair:6)
85 creatures vanquished.

Grand Total: 936 creatures vanquished

Notes
Turn   | Place    | Note
-------+----------+-------------------------------------------
     0 | D:1      | GordonOverkill the Mummy Hunter began the quest for the
                  | Orb.
     0 | D:1      | Reached XP level 1. HP: 16/16 MP: 1/1
   160 | D:1      | Reached skill level 1 in Stealth
   284 | D:1      | Reached XP level 2. HP: 19/22 MP: 2/2
   510 | D:1      | Found Ijadwez's Magic Scroll Emporium.
   535 | D:1      | Found a faded altar of an unknown god.
   544 | D:1      | Reached skill level 1 in Short Blades
  1283 | D:2      | Reached XP level 3. HP: 27/27 MP: 3/3
  1435 | D:2      | Reached XP level 4. HP: 29/33 MP: 4/4
  2184 | D:2      | Reached XP level 5. HP: 36/38 MP: 5/5
  2961 | D:3      | Noticed a phantom
  2966 | D:3      | Killed a phantom
  2967 | D:3      | Reached XP level 6. HP: 44/44 MP: 6/6
  3004 | D:3      | Reached skill level 5 in Short Blades
  3836 | D:4      | Found a glowing drain.
  3856 | Sewer    | Entered a sewer
  3921 | Sewer    | Noticed a water moccasin
  3929 | Sewer    | Killed a water moccasin
  3930 | Sewer    | Reached XP level 7. HP: 37/50 MP: 7/7
  4589 | D:4      | Identified the ring "Piasiomma" {rPois rN+ rCorr}
  4987 | D:5      | Entered Level 5 of the Dungeon
  4987 | D:5      | Found Udairo's General Store.
  5325 | D:4      | Reached XP level 8. HP: 38/56 MP: 8/8
  6049 | D:5      | Found a stormy altar of Qazlal.
  6114 | D:5      | Noticed Ijyb
  6285 | D:5      | Noticed Ijyb
  6285 | D:5      | Ijyb changed into Ijyb the dart slug
  6291 | D:5      | Killed Ijyb the dart slug
  6386 | D:5      | Reached skill level 1 in Evocations
  7030 | D:6      | Found a staircase to the Ecumenical Temple.
  7134 | D:6      | Found a snail-covered altar of Cheibriados.
  7168 | Temple   | Entered the Ecumenical Temple
  7316 | Temple   | Became a worshipper of Gozag Ym Sagoz the Greedy
  7437 | D:6      | Found an ornate altar of the Wu Jian Council.
  7437 | D:6      | Noticed a two-headed ogre
  7445 | D:6      | Reached XP level 9. HP: 61/61 MP: 9/9
  7531 | D:6      | Killed a two-headed ogre
  7845 | D:7      | Noticed Maggie
  7857 | D:7      | Killed Maggie
  7868 | D:7      | Reached skill level 10 in Short Blades
  7868 | D:7      | Reached skill level 5 in Evocations
  8160 | D:7      | Reached skill level 1 in Armour
  8283 | D:7      | Noticed a troll
  8304 | D:7      | Killed a troll
  8305 | D:7      | Reached skill level 3 in Fighting
  8694 | D:7      | Reached skill level 4 in Fighting
  8713 | D:7      | Reached XP level 10. HP: 71/71 MP: 10/10
  8783 | D:7      | Noticed a white ugly thing
  8804 | D:7      | Killed a white ugly thing
  8868 | D:7      | Noticed Joseph
  8903 | D:7      | Reached skill level 5 in Fighting
  9452 | D:6      | Found an ornate altar of the Wu Jian Council.
  9721 | D:6      | Found a staircase to the Ecumenical Temple.
  9737 | D:6      | Found a snail-covered altar of Cheibriados.
 10073 | D:7      | Noticed Duvessa
 10077 | D:7      | Noticed Dowan
 10098 | D:7      | Killed Duvessa
 10105 | D:7      | Killed Dowan
 10187 | D:7      | Noticed Menkaure
 10194 | D:7      | Killed Menkaure
 10530 | D:7      | Reached skill level 6 in Fighting
 10674 | D:7      | Killed Joseph
 11378 | D:8      | Reached skill level 5 in Armour
 11639 | D:8      | Found a radiant altar of Vehumet.
 11758 | D:8      | Reached skill level 7 in Fighting
 11849 | D:8      | Found a staircase to the Lair.
 11849 | D:8      | Noticed an elephant
 11924 | D:8      | Reached skill level 8 in Fighting
 12527 | D:8      | Killed an elephant
 12528 | D:8      | Reached XP level 11. HP: 67/87 MP: 11/11
 12674 | D:8      | Reached skill level 9 in Fighting
 12756 | D:8      | Got the Papyrus of Lethal Orientation
 13418 | D:9      | Noticed a centaur warrior
 13419 | D:9      | Noticed a boulder beetle
 13420 | D:9      | Found a runed translucent gate.
 13420 | D:9      | Noticed dricus's ghost (novice DjAE)
 13422 | D:9      | Found a runed translucent gate.
 13423 | D:9      | Found a runed translucent gate.
 13448 | D:9      | Found a burning altar of Makhleb.
 13449 | D:9      | Found a broken altar of Ashenzari.
 13866 | D:9      | Noticed a deep elf zephyrmancer
 13866 | D:9      | Noticed a deep elf knight
 13867 | D:9      | Noticed a deep elf archer
 13867 | D:9      | Found a runed translucent door.
 13869 | D:9      | Noticed a centaur warrior
 13869 | D:9      | Noticed a glowing orange brain
 13869 | D:9      | Noticed a flayed ghost
 13869 | D:9      | Noticed a five-headed hydra
 13974 | D:10     | Entered Level 10 of the Dungeon
 13974 | D:10     | Noticed Psyche
 13988 | D:10     | Killed Psyche
 14117 | D:10     | Reached skill level 10 in Fighting
 14148 | D:10     | Noticed a two-headed ogre
 14158 | D:10     | Killed a two-headed ogre
 14416 | D:10     | Noticed Grum
 14793 | D:10     | Killed Grum
 14824 | D:10     | Noticed a two-headed ogre
 14869 | D:10     | Killed a two-headed ogre
 14870 | D:10     | Reached skill level 11 in Fighting
 15059 | D:10     | Noticed a boulder beetle
 15070 | D:10     | Killed a boulder beetle
 15249 | D:10     | Noticed Urug
 15262 | D:10     | Killed Urug
 15537 | D:11     | Reached skill level 12 in Fighting
 15537 | D:11     | Reached skill level 1 in Long Blades
 15739 | D:11     | Noticed a boulder beetle
 15758 | D:11     | Killed a boulder beetle
 15782 | D:11     | Found Pirhia's Jewellery Shoppe.
 16000 | D:1      | Bought 2 scrolls of acquirement for 1144 gold pieces
 16000 | D:1      | Bought a scroll of blinking for 82 gold pieces
 16000 | D:1      | Bought a scroll of blinking for 82 gold pieces
 16000 | D:1      | Bought a scroll of fear for 38 gold pieces
 16000 | D:1      | Bought a scroll of teleportation for 33 gold pieces
 16000 | D:1      | Bought a scroll of teleportation for 33 gold pieces
 16001 | D:1      | Acquired a manual of Fighting
 16003 | D:1      | Acquired 1303 gold pieces
 16006 | D:1      | Bought a scroll of magic mapping for 38 gold pieces
 16006 | D:1      | Bought a scroll of identify for 22 gold pieces
 16612 | D:11     | Reached XP level 12. HP: 64/102 MP: 12/12
 16757 | D:11     | Found Hofung's Jewellery Shop.
 16859 | D:11     | Reached skill level 5 in Long Blades
 17006 | D:11     | Noticed a two-headed ogre
 17013 | D:11     | Killed a two-headed ogre
 17375 | D:11     | Found Makuibiw's Assorted Antiques.
 17383 | D:11     | Bought a scroll of acquirement for 1560 gold pieces
 17383 | D:11     | Acquired the ring "Uraofas" {rF+ Str+6}
 18235 | D:12     | Noticed a two-headed ogre
 18429 | D:11     | Bought a scroll of enchant weapon for 225 gold pieces
 18517 | Lair:1   | Entered Level 1 of the Lair of Beasts
 19787 | Lair:1   | Noticed an eight-headed hydra
 19798 | Lair:1   | Killed an eight-headed hydra
 20014 | Lair:2   | Noticed a five-headed hydra
 20052 | Lair:1   | Killed a five-headed hydra
 20485 | Lair:2   | Reached skill level 10 in Long Blades
 20549 | Lair:2   | Gained mutation: You are in touch with the powers of death.
                  | [Mummy growth]
 20549 | Lair:2   | Reached XP level 13. HP: 94/108 MP: 13/13
 21867 | Lair:3   | Noticed Gastronok
 21899 | Lair:3   | Killed Gastronok
 22444 | Lair:3   | Acquired the ring "Maefeip" {rElec AC+4 Dex+2 Stlth+}
 22990 | Lair:4   | Noticed Kirke
 23632 | Lair:4   | Found an ornate altar of the Wu Jian Council.
 23633 | Lair:4   | Found a hide-covered altar of Uskayaw.
 24226 | Lair:4   | Killed Kirke
 24532 | Lair:4   | Found a staircase to the Swamp.
 24823 | Lair:4   | Found a hole to the Spider Nest.
 25366 | Lair:5   | Reached skill level 13 in Fighting
 25374 | Lair:5   | Reached XP level 14. HP: 118/118 MP: 14/14
 25622 | Lair:5   | Found a runed translucent gate.
 25622 | Lair:5   | Found a runed translucent gate.
 25622 | Lair:5   | Found a runed translucent gate.
 25623 | Lair:5   | Noticed dricus's ghost (journeyman GrFi)
 26603 | Lair:5   | Found a staircase to the Slime Pits.
 26962 | Lair:6   | Entered Level 6 of the Lair of Beasts
 27331 | Lair:6   | Reached skill level 14 in Fighting
 27455 | Lair:5   | Reached skill level 5 in Dodging
 28445 | Lair:6   | Reached skill level 15 in Fighting
 31228 | D:12     | Found a staircase to the Orcish Mines.
 31950 | Orc:1    | Entered Level 1 of the Orcish Mines
 31990 | Orc:1    | Found a dark tunnel.
 32066 | Volcano  | Entered a volcano
 32125 | Volcano  | Reached skill level 1 in Spellcasting
 32125 | Volcano  | Reached XP level 15. HP: 127/129 MP: 16/16
 32636 | Volcano  | Found a burning altar of Makhleb.
 32659 | Volcano  | Found a burning altar of Makhleb.
 33830 | Orc:2    | Entered Level 2 of the Orcish Mines
 33863 | Orc:2    | Found Kasaujeu's Magic Scroll Shoppe.
 33905 | Orc:2    | Bought a scroll of teleportation for 48 gold pieces
 33905 | Orc:2    | Bought a scroll of enchant armour for 120 gold pieces
 33905 | Orc:2    | Bought a scroll of silence for 120 gold pieces
 33905 | Orc:2    | Bought a scroll of teleportation for 48 gold pieces
 34511 | Orc:2    | Noticed Jorgrun
 34534 | Orc:2    | Killed Jorgrun
 34554 | Orc:2    | Reached skill level 16 in Fighting
 34555 | Orc:2    | Noticed an orc warlord
 34558 | Orc:2    | Reached skill level 5 in Spellcasting
 34644 | Orc:2    | Killed an orc warlord
 34796 | Orc:2    | Found Secarewk's General Store.
 34825 | Orc:2    | Found Qogeq's Antique Armour Emporium.
 34914 | Orc:2    | Bought a scroll of blinking for 105 gold pieces
 34914 | Orc:2    | Bought a scroll of magic mapping for 49 gold pieces
 34914 | Orc:2    | Bought a wand of digging (7) for 308 gold pieces
 35093 | Orc:2    | Noticed Josephine
 35106 | Orc:2    | Killed Josephine
 35421 | Orc:2    | Found Vauhu's Book Emporium.
 35440 | Orc:2    | Found a staircase to the Elven Halls.
 35446 | Orc:2    | Noticed Azrael
 35506 | Orc:2    | Killed Azrael
 35819 | Orc:2    | Found Joen's Antique Weapon Emporium.
 35912 | Orc:2    | Bought a glowing chain mail for 225 gold pieces
 35976 | D:13     | Found a gate to the Vaults.
 38112 | D:14     | Identified the ring "Imuizead" {Ice Will+ Dex-5 SInv
                  | Stlth+}
 38943 | D:15     | Entered Level 15 of the Dungeon
 39000 | D:15     | Noticed Nessos
 39007 | D:15     | Killed Nessos
 39038 | D:15     | Found the +7 Kryia's mail coat {PotionHeal*2 rC+}
 39059 | D:15     | Reached XP level 16. HP: 140/140 MP: 29/29
 39085 | D:15     | Reached skill level 17 in Fighting
 39085 | D:15     | Reached skill level 10 in Spellcasting
 39998 | D:15     | Reached skill level 1 in Conjurations
 40568 | D:15     | Found a staircase to the Depths.
 41321 | Swamp:1  | Entered Level 1 of the Swamp
 41489 | Swamp:1  | Noticed a tentacled monstrosity
 41505 | Swamp:1  | Killed a tentacled monstrosity
 42884 | Swamp:1  | Reached skill level 18 in Fighting
 42968 | Swamp:1  | Reached skill level 5 in Conjurations
 43266 | Swamp:2  | Noticed Nikola
 43275 | Swamp:2  | Noticed Mlioglotl
 43306 | Swamp:1  | Slain by Mlioglotl

Illustrated notes

Levels and vault maps discovered:
D:1:      elethiomel_arrival_quiet, layout_basic, serial_shops,
          nicolae_square_shop, shapermc_ecumenical_altar_totnotflames,
          minmay_box_of_dots
D:2:      layout_rooms
D:3:      layout_rooms
D:4:      cheibrodos_thug_alley, layout_gridville, cheibrodos_sewer_entry_drain,
          kennysheep_generic_room_16
D:5:      layout_rooms, grunt_qazlal_clouds, serial_rivers,
          chequers_serial_rivers_micro_d, chequers_serial_rivers_room_a,
          chequers_serial_rivers_large_a, chequers_serial_rivers_micro_d,
          chequers_serial_rivers_room_a, serial_shops, shop_statue,
          kennysheep_generic_room_8, uniq_ijyb
D:6:      layout_loops_ring, slow_altar_2, lemuel_tele_altar,
          minmay_temple_entry_proselytizer
D:7:      layout_basic, chequers_serial_rivers_marsh, minmay_chambers_of_fives,
          uniq_duvessa, uniq_menkaure, uniq_joseph, uniq_maggie
D:8:      layout_loops_ring, fiery_altar_vehumet, david_lair_generic
D:9:      minmay_gate_of_8, layout_rooms, minitemple, gammafunk_ghost_split
D:10:     layout_cave_pods, uniq_grum, uniq_psyche, uniq_urug
D:11:     layout_basic, special_room [special_room_kobold], serial_shops,
          kennysheep_mini_moat, shop, shop, grunt_decor_junction,
          hangedman_abyss_or_decor_lesser_grid
D:12:     minmay_goldmine, layout_cave_pools, minmay_orc_entry_temple_small
D:13:     layout_basic, david_vaults_3
D:14:     minmay_clustersquares, layout_loops_corners, chequers_big_river
D:15:     hangedman_depths_entry_try_elsewhere_first, layout_stronghold,
          minmay_misc_feat_rows, uniq_nessos
Temple:   eino_temple_scatter_basement
Lair:1:   layout_cave_pods, chequers_serial_rivers_marsh
Lair:2:   layout_misc_corridors
Lair:3:   layout_hall_layers, uniq_gastronok
Lair:4:   layout_long_grid, nicolae_swamp_entry_splash_gauntlet,
          spider_nest_entry_rubble, nzn_masters_of_martial_movement, uniq_kirke
Lair:5:   layout_regular_city, minmay_slime_entry_oklob_enclosed,
          ebering_ghost_rock_garden, st_stairs_13, lemuel_old_faithful,
          serial_bayou_shore_a
Lair:6:   due_jungle_book, layout_long_grid, columned_hall_lemuel,
          grunt_megastairs_5
Swamp:1:  layout_basic_swamp, serial_swamp_ruin, evilmike_swamp_ruin_rubble_2,
          evilmike_swamp_ruin_house_1, swamp_pool1
Swamp:2:  layout_basic_swamp, evilmike_swamp_ruin_house_5, uniq_mlioglotl,
          uniq_nikola
Orc:1:    layout_caves, enter_bailey_2, nicolae_volcano_entry_lava_flow,
          statue_in_the_mist_lemuel
Orc:2:    grunt_orc_cross, layout_diamond_mine, serial_shops, shop,
          uniq_jorgrun, uniq_josephine, uniq_azrael

Skill      XL: |  1  2  3  4  5  6  7  8  9 10 11 12 13 14 15 16 |
---------------+-------------------------------------------------+-----
Stealth        | 1 |  1.0
Short Blades   | 1 2 3 4 6 7 9 10 | 10.0
Evocations     | 3 5 |  5.0
Armour         | 2 5 6 7 |  7.0
Fighting       | 4 8 12 13 15 16 18 | 18.0
Long Blades    | 4 10 12 14 | 14.8
Dodging        | 3 5 6 7 |  7.0
Spellcasting   | 1 9 10 | 10.0
Conjurations   | 5 |  5.4
Throwing       | |  3.4

Action                   |  1- 3 |  4- 6 |  7- 9 | 10-12 | 13-15 | 16-18 || total
-------------------------+-------+-------+-------+-------+-------+-------++-------
Melee: Short sword       |    13 |       |       |       |       |       ||    13
       Dagger            |    66 |   183 |   444 |   551 |    37 |       ||  1281
       Double sword      |       |       |       |   385 |  1604 |   442 ||  2431
       Scimitar          |       |       |       |       |    11 |    10 ||    21
Throw: Javelin           |     4 |    18 |    10 |     1 |    10 |       ||    43
       Throwing net      |       |     2 |     3 |     8 |       |       ||    13
       Dart              |       |       |    21 |     4 |       |       ||    25
Invok: Potion Petition   |       |       |       |       |     1 |     6 ||     7
Evoke: Wand              |       |       |     2 |    19 |    39 |     4 ||    64
  Use: Scroll            |       |     4 |     7 |    17 |     7 |     3 ||    38
 Stab: Held in net/web   |       |       |     5 |     7 |       |       ||    12
       Distracted        |       |       |       |     2 |    12 |     1 ||    15
       Paralysed         |       |       |       |    21 |    14 |     3 ||    38
       Invisible         |       |       |       |       |     3 |     1 ||     4
Armor: Leather armour    |     4 |       |       |       |       |       ||     4
       Scale mail        |    32 |    22 |       |       |       |       ||    54
       Chain mail        |       |    56 |   144 |   260 |   185 |   254 ||   899
       Plate armour      |       |       |       |    90 |   612 |       ||   702
Dodge: Dodged            |    32 |    65 |   168 |   512 |   537 |   201 ||  1515
Block: Other             |       |       |       |    38 |   286 |    98 ||   422
       Reflection        |       |       |       |       |    15 |     4 ||    19

Table legend: (Time is in decaauts)
 A = Elapsed time spent in this place.
 B = Non-inter-level travel time spent in this place.
 C = Inter-level travel time spent in this place.
 D = Time resting spent in this place.
 E = Time spent auto-exploring this place.
 F = Levels seen in this place.
 G = Mean time per level.
                   A        B        C        D        E       F      G
               +--------+--------+--------+--------+--------+-----+--------+
         Total |  42486 |  40134 |   2352 |  13970 |  17783 |  28 | 1517.4 |
       Dungeon |  24535 |  22684 |   1851 |   7906 |  10414 |  15 | 1635.7 |
        Temple |    161 |    149 |     12 |      0 |    127 |   1 |  161.0 |
          Lair |  12034 |  11691 |    343 |   4309 |   4847 |   6 | 2005.7 |
         Swamp |   1971 |   1926 |     45 |    858 |    668 |   2 |  985.5 |
  Orcish Mines |   2986 |   2886 |    100 |    562 |   1571 |   2 | 1493.0 |
         Sewer |    204 |    204 |      0 |     82 |     60 |   1 |  204.0 |
       Volcano |    592 |    592 |      0 |    252 |     95 |   1 |  592.0 |
               +--------+--------+--------+--------+--------+-----+--------+

Top non-repeatable levels by time:
  Lair:5: 3273 daAuts
    D:11: 2682 daAuts
  Lair:6: 2336 daAuts
     D:6: 2330 daAuts
     D:8: 2060 daAuts
 Swamp:1: 1954 daAuts
  Lair:3: 1913 daAuts
     D:7: 1831 daAuts
    D:15: 1784 daAuts
    D:12: 1772 daAuts
     D:4: 1674 daAuts
   Orc:2: 1647 daAuts
  Lair:1: 1626 daAuts
    D:14: 1606 daAuts
     D:1: 1513 daAuts
